[Event "ICC tourney 2533 (25 5)"]
[Site "Internet Chess Club"]
[Date "2021.04.24"]
[Round "1"]
[White "JIANG, MATHEW:K09-15949698"]
[Black "TENNENT, RICHARD:K09-15622641"]
[Result "1-0"]
[ICCResult "Black resigns"]
[WhiteElo "1822"]
[BlackElo "786"]
[Opening "Queen's pawn game, Chigorin variation"]
[ECO "D02"]
[NIC "QP.08"]
[Time "11:03:06"]
[PlyCount "92"]
[TimeControl "1500+5"]

1. d4 d5 2. Nf3 Nc6 3. e3 Bg4 4. Be2 Nf6 5. O-O Ne4 6. c4 e6 7. Nc3 Bd6 8.
h3 Bh5 9. cxd5 exd5 10. Nxd5 Bb4 11. Nxb4 Nxb4 12. Qa4+ Nc6 13. Qc2 Bg6 14.
Bd3 Nb4 15. Qa4+ Nc6 16. Bb5 O-O 17. Bxc6 bxc6 18. Qxc6 Qd6 19. Qxd6 Nxd6
20. b3 Rab8 21. Ba3 Ne4 22. Rac1 Rfc8 23. Rfd1 Rb6 24. Rc4 Ra6 25. Ra4 Rxa4
26. bxa4 Nc3 27. Rc1 Nxa2 28. Rc5 Be4 29. Ne5 f6 30. Nf3 c6 31. Nd2 Bd5 32.
e4 Bf7 33. d5 Be8 34. Rc2 g6 35. Rxa2 cxd5 36. exd5 Bxa4 37. Bb2 f5 38.
Rxa4 Rd8 39. Rd4 a5 40. Nc4 a4 41. d6 Kf7 42. Nb6 Ke6 43. d7 Ke7 44. Bc1
Rb8 45. d8=Q+ Rxd8 46. Bg5+ Ke8 { Black resigns } 1-0

[Event "ICC tourney 2533 (25 5)"]
[Site "Internet Chess Club"]
[Date "2021.04.24"]
[Round "1"]
[White "KAPLAN, AVI:K09-15263943"]
[Black "CHAMESH, AKUL:K09-16661211"]
[Result "1-0"]
[ICCResult "Black checkmated"]
[WhiteElo "2116"]
[BlackElo "916"]
[Opening "QGD: exchange, positional line"]
[ECO "D35"]
[NIC "QO.16"]
[Time "11:07:18"]
[PlyCount "51"]
[TimeControl "1500+5"]

1. d4 d5 2. c4 e6 3. Nc3 Nf6 4. cxd5 exd5 5. Bg5 Be7 6. e3 Nbd7 7. Bd3 b6
8. Nge2 Bb7 9. Qc2 c5 10. O-O O-O 11. Rad1 Re8 12. f3 Rc8 13. Bf5 Bc6 14.
Nf4 h6 15. Bxf6 Bxf6 16. dxc5 bxc5 17. Ncxd5 Bxd5 18. Nxd5 Be7 19. Bxd7 Rb8
20. Bxe8 Qxe8 21. Nxe7+ Qxe7 22. Qe4 Qc7 23. Qf4 Qb7 24. Rd7 Qc8 25. Qxf7+
Kh8 26. Qxg7# { Black checkmated } 1-0

[Event "ICC tourney 2533 (25 5)"]
[Site "Internet Chess Club"]
[Date "2021.04.24"]
[Round "1"]
[White "CALLENIUS, AIDEN:K09-16875614"]
[Black "KAUR, ARADH:K09-15085398"]
[Result "0-1"]
[ICCResult "White forfeits on time"]
[WhiteElo "699"]
[BlackElo "1706"]
[Opening "Ruy Lopez: closed"]
[ECO "C90"]
[NIC "RL.19"]
[Time "11:01:42"]
[PlyCount "64"]
[TimeControl "1500+5"]

1. e4 e5 2. Nf3 Nc6 3. Bb5 a6 4. Ba4 Nf6 5. O-O Be7 6. Re1 b5 7. Bb3 d6 8.
c3 Bg4 9. d4 exd4 10. cxd4 Bxf3 11. gxf3 O-O 12. e5 dxe5 13. dxe5 Qxd1 14.
Bxd1 Nd7 15. e6 Nc5 16. exf7+ Rxf7 17. Nc3 Rd8 18. Be3 Nd3 19. Bb3 Nxe1 20.
Bxf7+ Kxf7 21. Rxe1 Ne5 22. Kg2 Rd6 23. Ne4 Rg6+ 24. Ng3 h5 25. f4 Nd3 26.
Re2 h4 27. f5 Rg4 28. f3 Rb4 29. Ne4 Rxb2 30. Rxb2 Nxb2 31. Bd4 Nd3 32. Kh3
Nc1 { White forfeits on time } 0-1

[Event "ICC tourney 2533 (25 5)"]
[Site "Internet Chess Club"]
[Date "2021.04.24"]
[Round "1"]
[White "ALBEEZ, NURAYDA:K09-15657166"]
[Black "LEWIS, CHERISH:K09-17283122"]
[Result "1-0"]
[ICCResult "Black checkmated"]
[WhiteElo "1351"]
[BlackElo "218"]
[Opening "Queen's Pawn"]
[ECO "A41"]
[NIC "QO.17"]
[Time "11:01:20"]
[PlyCount "85"]
[TimeControl "1500+5"]

1. d4 d6 2. Bf4 Nc6 3. e3 f6 4. c3 g5 5. Qh5+ Kd7 6. Bg3 b6 7. Bd3 Qe8 8.
Qf3 e6 9. Nd2 Bb7 10. Qe2 Nge7 11. O-O-O a5 12. f4 Kd8 13. fxg5 fxg5 14.
Ngf3 h6 15. e4 Nb4 16. cxb4 axb4 17. Bb1 Ba6 18. Bd3 Bxd3 19. Qxd3 Bg7 20.
Kb1 g4 21. Nh4 e5 22. dxe5 Bxe5 23. Bxe5 Rg8 24. Bf6 Qa4 25. Bxe7+ Kxe7 26.
Nf5+ Kd8 27. Qb3 Qe8 28. Nxh6 Rg6 29. Nf7+ Kd7 30. e5 dxe5 31. Ne4+ Ke7 32.
Nxe5 Re6 33. Qxb4+ c5 34. Qc3 Qc6 35. Nxc6+ Kf7 36. Ng5+ Ke8 37. Nxe6 Rc8
38. Qh8+ Kf7 39. Qxc8 Kf6 40. Rhf1+ Kg6 41. Qg8+ Kh5 42. Rd5+ Kh4 43. Qh7#
{ Black checkmated } 1-0

[Event "ICC tourney 2533 (25 5)"]
[Site "Internet Chess Club"]
[Date "2021.04.24"]
[Round "1"]
[White "ETHAN LU, ALAN:K09-15478737"]
[Black "A BADAMI, KAAMIL:K09-17077227"]
[Result "1-0"]
[ICCResult "Black checkmated"]
[WhiteElo "1649"]
[BlackElo "674"]
[Opening "Queen's gambit accepted"]
[ECO "D20"]
[NIC "QG.03"]
[Time "11:02:26"]
[PlyCount "75"]
[TimeControl "1500+5"]

1. d4 d5 2. c4 dxc4 3. e3 Nf6 4. Bxc4 Bf5 5. Nc3 e6 6. Nf3 Bd6 7. O-O O-O
8. Qe2 Nc6 9. Rd1 Bg4 10. h3 Bh5 11. e4 Bb4 12. e5 Nd7 13. Be3 Nb6 14. Bb3
Qe7 15. a3 Bxc3 16. bxc3 Nd5 17. Bxd5 exd5 18. Qb5 Rab8 19. Qxd5 Rfd8 20.
Qe4 Na5 21. Ng5 Bg6 22. Qh4 h6 23. Nf3 Re8 24. Qxe7 Rxe7 25. d5 Bh5 26. d6
Bxf3 27. gxf3 Rxe5 28. dxc7 Rc8 29. Rd8+ Rxd8 30. cxd8=Q+ Kh7 31. Qd3+ g6
32. Qd4 Rf5 33. Rd1 Rxf3 34. Qh4 Kg7 35. Bxh6+ Kg8 36. Rd8+ Kh7 37. Bg5+
Kg7 38. Qh8# { Black checkmated } 1-0

[Event "ICC tourney 2533 (25 5)"]
[Site "Internet Chess Club"]
[Date "2021.04.24"]
[Round "1"]
[White "PEDERSON, MASON:K09-16875620"]
[Black "PALUSA, MAURYA:K09-14641168"]
[Result "0-1"]
[ICCResult "White checkmated"]
[WhiteElo "913"]
[BlackElo "2089"]
[Opening "King's Indian: Smyslov system"]
[ECO "E61"]
[NIC "KI.80"]
[Time "11:02:47"]
[PlyCount "74"]
[TimeControl "1500+5"]

1. d4 Nf6 2. c4 g6 3. Nc3 Bg7 4. Bg5 d6 5. Nf3 c6 6. e4 Nbd7 7. Bd3 e5 8.
dxe5 dxe5 9. O-O O-O 10. Qd2 Qc7 11. Rad1 Nc5 12. Qe3 Ne6 13. Bc2 Nd4 14.
Nxd4 exd4 15. Bf4 Ng4 16. Bxc7 dxe3 17. f3 Bxc3 18. bxc3 e2 19. fxg4
exf1=Q+ 20. Rxf1 Bxg4 21. h3 Be2 22. Rf2 Bxc4 23. a3 Rac8 24. Bd6 Rfe8 25.
Rf4 Rcd8 26. e5 Bd5 27. g3 b5 28. h4 Re6 29. Kf2 f6 30. Bc5 fxe5 31. Rb4
Bc4 32. Be4 Rd2+ 33. Ke3 Re2+ 34. Kf3 Rf6+ 35. Kg4 Rxe4+ 36. Kg5 Rf5+ 37.
Kh6 Rh5# { White checkmated } 0-1

[Event "ICC tourney 2533 (25 5)"]
[Site "Internet Chess Club"]
[Date "2021.04.24"]
[Round "1"]
[White "ZHU, JENNY:K09-15942700"]
[Black "SAI TUBATI, TARUN:K09-16761313"]
[Result "1-0"]
[ICCResult "Black checkmated"]
[WhiteElo "1959"]
[BlackElo "851"]
[Opening "QGD Slav: 4.Nc3"]
[ECO "D15"]
[NIC "SL.03"]
[Time "11:03:06"]
[PlyCount "85"]
[TimeControl "1500+5"]

1. d4 c6 2. c4 d5 3. Nc3 Nf6 4. Nf3 Bf5 5. cxd5 Nxd5 6. e3 Nxc3 7. bxc3 e6
8. Bc4 Be7 9. O-O O-O 10. Re1 Nd7 11. e4 Bg4 12. Bf4 Nb6 13. Bb3 Bd6 14.
Bg3 Bxg3 15. hxg3 Re8 16. Qd2 Bxf3 17. gxf3 e5 18. Kg2 c5 19. Rad1 cxd4 20.
cxd4 Re7 21. Qe3 Rd7 22. dxe5 Nc4 23. Qc3 Rc8 24. Rxd7 Qxd7 25. Bxc4 Qc7
26. Rc1 b5 27. Bxf7+ Kxf7 28. Qxc7+ Rxc7 29. Rxc7+ Ke6 30. Rxg7 Kxe5 31.
Rxa7 Kd4 32. Rxh7 b4 33. Rb7 Kc3 34. e5 b3 35. axb3 Kd4 36. e6 Kd5 37. e7
Kd4 38. e8=Q Kc3 39. Qc6+ Kb2 40. Rd7 Ka1 41. Rd2 Kb1 42. Qc2+ Ka1 43. Qb2#
{ Black checkmated } 1-0

[Event "ICC tourney 2533 (25 5)"]
[Site "Internet Chess Club"]
[Date "2021.04.24"]
[Round "1"]
[White "AWAD, STEELO:K09-16554876"]
[Black "JIANG, NICHOLAS:K09-15273385"]
[Result "0-1"]
[ICCResult "White forfeits on time"]
[WhiteElo "876"]
[BlackElo "1985"]
[Opening "Queen's pawn: London system"]
[ECO "A45"]
[NIC "QP.07"]
[Time "11:03:26"]
[PlyCount "50"]
[TimeControl "1500+5"]

1. d4 Nf6 2. Bf4 e6 3. e3 d5 4. c4 c6 5. Nf3 Nbd7 6. Bd3 Be7 7. Nc3 O-O 8.
O-O a6 9. Ne5 Nxe5 10. Bxe5 b6 11. a3 Bb7 12. b4 a5 13. b5 c5 14. a4 Rc8
15. cxd5 exd5 16. Qf3 cxd4 17. Bxd4 Bc5 18. Bf5 Bxd4 19. Bxc8 Bxc3 20. Rac1
Qxc8 21. e4 d4 22. Rfd1 Bxe4 23. Qh3 Qxh3 24. gxh3 Nd5 25. Kf1 Nf4 { White
forfeits on time } 0-1

[Event "ICC tourney 2533 (25 5)"]
[Site "Internet Chess Club"]
[Date "2021.04.24"]
[Round "1"]
[White "BUTLER, BETTY:K09-17283280"]
[Black "MADABUSHI, RAGHAVAN:K09-15400603"]
[Result "1-0"]
[ICCResult "Black checkmated"]
[WhiteElo "357"]
[BlackElo "1412"]
[Opening "Petrov: Nimzovich attack"]
[ECO "C42"]
[NIC "RG.03"]
[Time "11:03:46"]
[PlyCount "115"]
[TimeControl "1500+5"]

1. e4 e5 2. Nf3 Nf6 3. Nxe5 d6 4. Nf3 Nxe4 5. Nc3 Nxc3 6. dxc3 Nc6 7. Be3
Bf5 8. Bd3 Bxd3 9. cxd3 Be7 10. Qb3 Qd7 11. O-O-O O-O 12. Qxb7 Rab8 13. Qa6
d5 14. Rde1 Bf6 15. Bc5 Rfd8 16. d4 Re8 17. Rxe8+ Rxe8 18. h4 h6 19. h5 Re6
20. Qd3 Re4 21. Qa6 Re6 22. Qd3 Na5 23. Re1 Rxe1+ 24. Nxe1 Qa4 25. Kb1 a6
26. Nc2 Nc6 27. Ne3 Ne7 28. Bxe7 Bxe7 29. Nxd5 Bd6 30. Qe2 Qc6 31. c4 Kf8
32. b3 a5 33. Qe4 a4 34. c5 Bh2 35. Kc2 axb3+ 36. axb3 Qa6 37. Nb4 Qa5 38.
Qh4 f6 39. Qxh2 Qxb4 40. Qxc7 Qxd4 41. Qd6+ Qxd6 42. cxd6 Ke8 43. Kd3 Kd7
44. Ke4 Kxd6 45. Kf5 Kd5 46. Kg6 Kd4 47. Kxg7 f5 48. Kxh6 Kd3 49. Kg5 Ke2
50. Kxf5 Kxf2 51. g4 Kg3 52. h6 Kh4 53. g5 Kh5 54. b4 Kh4 55. g6 Kh5 56. g7
Kxh6 57. g8=Q Kh5 58. Qh8# { Black checkmated } 1-0

[Event "ICC tourney 2533 (25 5)"]
[Site "Internet Chess Club"]
[Date "2021.04.24"]
[Round "1"]
[White "NICHOLSON, IAN:K09-15545322"]
[Black "CATLIN, CHRISTIAN:K09-17355105"]
[Result "1-0"]
[ICCResult "Black checkmated"]
[WhiteElo "1866"]
[BlackElo "805"]
[Opening "QGA: 3.Nf3"]
[ECO "D21"]
[NIC "QG.05"]
[Time "11:01:13"]
[PlyCount "47"]
[TimeControl "1500+5"]

1. d4 d5 2. c4 dxc4 3. Nf3 Nc6 4. e3 Bg4 5. Bxc4 e5 6. h3 Bf5 7. O-O e4 8.
Nh2 Qg5 9. Kh1 O-O-O 10. Bxf7 Ne5 11. Bh5 g6 12. Be2 Nc6 13. Nc3 Bd6 14.
Nb5 Be5 15. Qa4 Bf6 16. Nxa7+ Kb8 17. Nxc6+ bxc6 18. Qxc6 Bd7 19. Qc2 c6
20. a4 Be7 21. a5 Bd6 22. Qb3+ Kc7 23. Qb6+ Kc8 24. Ba6# { Black checkmated
} 1-0

[Event "ICC tourney 2533 (25 5)"]
[Site "Internet Chess Club"]
[Date "2021.04.24"]
[Round "1"]
[White "SUDARSHAN IYENGAR, VARSHA:K09-15871248"]
[Black "LANDE SHUMAN, NATHANIEL:K09-14782020"]
[Result "0-1"]
[ICCResult "White checkmated"]
[WhiteElo "917"]
[BlackElo "2133"]
[Opening "Sicilian"]
[ECO "B56"]
[NIC "SI.25"]
[Time "11:01:49"]
[PlyCount "80"]
[TimeControl "1500+5"]

1. e4 c5 2. Nc3 Nc6 3. Nf3 d6 4. d4 cxd4 5. Nxd4 Nf6 6. Nxc6 bxc6 7. Bd3 e5
8. O-O Be7 9. Re1 O-O 10. Be3 Bb7 11. Qd2 d5 12. exd5 cxd5 13. Bg5 e4 14.
Bf1 Qa5 15. a3 Rfd8 16. Rad1 Rac8 17. Qd4 h6 18. Bh4 Qc5 19. Qxc5 Bxc5 20.
Na4 Be7 21. c3 Bc6 22. Rd4 Rb8 23. Re2 Rb5 24. c4 Ra5 25. Nc3 g5 26. Bg3
dxc4 27. Rxc4 Rc5 28. Re3 Nd5 29. Rexe4 Nxc3 30. Rxe7 Rxc4 31. bxc3 Rd1 32.
Rxa7 Rxc3 33. f3 Rcc1 34. Kf2 Rxf1+ 35. Ke2 Bb5+ 36. Kd2 f5 37. Ra8+ Kf7
38. Ra7+ Ke6 39. h3 f4 40. Bh2 Rfd1# { White checkmated } 0-1

[Event "ICC tourney 2533 (25 5)"]
[Site "Internet Chess Club"]
[Date "2021.04.24"]
[Round "1"]
[White "TOBY LYU, ETHAN:K09-16195991"]
[Black "DANIEL SHIVELY, CAMERON:K09-15556578"]
[Result "1-0"]
[ICCResult "Black checkmated"]
[WhiteElo "1838"]
[BlackElo "787"]
[Opening "Ruy Lopez: Berlin defense"]
[ECO "C65"]
[NIC "RL.07"]
[Time "11:03:23"]
[PlyCount "61"]
[TimeControl "1500+5"]

1. e4 e5 2. Nf3 Nc6 3. Bb5 Nf6 4. d3 Bc5 5. O-O O-O 6. c3 b6 7. d4 Bd6 8.
Bxc6 dxc6 9. dxe5 Nxe4 10. Qc2 Bf5 11. Rd1 Qe7 12. exd6 Nxd6 13. Qb3 Rfe8
14. Bg5 Qe2 15. Nbd2 c5 16. Re1 Qd3 17. Rad1 Rxe1+ 18. Rxe1 Re8 19. Rxe8+
Nxe8 20. Ne5 Nd6 21. Nxd3 Bxd3 22. Qd5 Bf5 23. Qa8+ Bc8 24. Ne4 h6 25. Nxd6
hxg5 26. Qxc8+ Kh7 27. Nxf7 g4 28. Qf5+ Kg8 29. Ng5 g6 30. Qf7+ Kh8 31.
Qf8# { Black checkmated } 1-0

[Event "ICC tourney 2533 (25 5)"]
[Site "Internet Chess Club"]
[Date "2021.04.24"]
[Round "1"]
[White "MOU, IRIS:K09-15794244"]
[Black "MCCOY, KEVIN:K09-15792666"]
[Result "1-0"]
[ICCResult "Black checkmated"]
[WhiteElo "2059"]
[BlackElo "906"]
[Opening "two knights: Max Lange attack"]
[ECO "C50"]
[NIC "IG.02"]
[Time "11:03:21"]
[PlyCount "49"]
[TimeControl "1500+5"]

1. e4 e5 2. Nf3 Nc6 3. Bc4 Bc5 4. O-O Nf6 5. d4 exd4 6. e5 Ng8 7. Ng5 Nxe5
8. Re1 d6 9. Nxf7 Qf6 10. Nxh8 Ne7 11. Bd3 Bf5 12. Qh5+ g6 13. Qg5 Qxh8 14.
Bxf5 Nxf5 15. f4 d3+ 16. Kh1 Kd7 17. fxe5 dxc2 18. Nc3 Re8 19. Ne4 Rxe5 20.
Bf4 c1=Q 21. Raxc1 Kc8 22. Bxe5 Qxe5 23. Nxc5 Ng3+ 24. Qxg3 Qxg3 25. Re8# {
Black checkmated } 1-0

[Event "ICC tourney 2533 (25 5)"]
[Site "Internet Chess Club"]
[Date "2021.04.24"]
[Round "1"]
[White "GUERRERIO, CHRISTOPHER:K09-16206065"]
[Black "GU LIN, BENJAMIN:K09-15976160"]
[Result "0-1"]
[ICCResult "White checkmated"]
[WhiteElo "530"]
[BlackElo "1496"]
[Opening "King's Indian: Larsen variation"]
[ECO "E90"]
[NIC "KI.21"]
[Time "11:03:59"]
[PlyCount "76"]
[TimeControl "1500+5"]

1. d4 Nf6 2. c4 g6 3. Nc3 Bg7 4. Nf3 O-O 5. e4 d6 6. Be3 Nbd7 7. Bd3 e5 8.
d5 Qe7 9. Qd2 c6 10. b3 a5 11. Bh6 Nc5 12. Bxg7 Kxg7 13. O-O Bg4 14. Ne1
cxd5 15. cxd5 Rfc8 16. f3 Bd7 17. Nc2 Be8 18. Ne3 Qc7 19. Rfc1 Rab8 20. Bb5
Bxb5 21. Nxb5 Qb6 22. Nc3 Qd8 23. Kh1 b5 24. Rab1 Qb6 25. b4 Na6 26. Qd3
Nxb4 27. Qe2 Rc5 28. a3 Na6 29. Qd3 Rbc8 30. Rc2 Qc7 31. Rxb5 Rxc3 32. Rxc3
Qxc3 33. Qe2 Qa1+ 34. Nf1 Rc1 35. h3 Rxf1+ 36. Kh2 Nh5 37. g4 Rh1+ 38. Kg2
Qg1# { White checkmated } 0-1

[Event "ICC tourney 2533 (25 5)"]
[Site "Internet Chess Club"]
[Date "2021.04.24"]
[Round "1"]
[White "DONHAM, WILLIAM:K09-15747455"]
[Black "ZHOU, ATHENA:K09-17305940"]
[Result "1-0"]
[ICCResult "Black resigns"]
[WhiteElo "1583"]
[BlackElo "625"]
[Opening "King's pawn game"]
[ECO "C50"]
[NIC "IG.03"]
[Time "11:03:42"]
[PlyCount "55"]
[TimeControl "1500+5"]

1. e4 e5 2. Nf3 Nc6 3. Bc4 h6 4. d4 exd4 5. Nxd4 Nf6 6. Nc3 Bb4 7. Nxc6
bxc6 8. Bd2 Bxc3 9. Bxc3 Nxe4 10. Bxg7 Rg8 11. Bxh6 Qh4 12. Be3 Rxg2 13.
Bxf7+ Kd8 14. Qf3 Rg7 15. Bd4 Rh7 16. Bg6 Qe7 17. Qxe4 Qxe4+ 18. Bxe4 Re7
19. Bf6 d5 20. Bxe7+ Kxe7 21. Bd3 Bg4 22. Kd2 Rf8 23. f4 Rxf4 24. Rae1+ Kd6
25. Rhf1 Rf5 26. Bxf5 Bxf5 27. Rxf5 Kc5 28. h4 { Black resigns } 1-0

[Event "ICC tourney 2533 (25 5)"]
[Site "Internet Chess Club"]
[Date "2021.04.24"]
[Round "1"]
[White "DELGADO, RAPHAEL:K09-15177176"]
[Black "WILLIAM STONE, VINCENT:K09-15537233"]
[Result "0-1"]
[ICCResult "White resigns"]
[WhiteElo "913"]
[BlackElo "2075"]
[Opening "Sicilian: Alapin's variation (2.c3)"]
[ECO "B22"]
[NIC "SI.47"]
[Time "11:02:25"]
[PlyCount "114"]
[TimeControl "1500+5"]

1. e4 c5 2. c3 Nf6 3. e5 Nd5 4. d4 cxd4 5. cxd4 e6 6. Nf3 d6 7. Bd3 Nb4 8.
Qa4+ N8c6 9. Bb5 dxe5 10. Nxe5 Qxd4 11. Nxc6 Qe4+ 12. Be3 bxc6 13. Nc3 cxb5
14. Qxb5+ Qc6 15. O-O Bb7 16. a3 Nd5 17. Nxd5 exd5 18. Qxc6+ Bxc6 19. b4
Kd7 20. Rfd1 Be7 21. b5 Bb7 22. a4 Bf6 23. Rab1 Rhc8 24. a5 Rc4 25. a6 Bc8
26. Rxd5+ Ke6 27. Rbd1 Be7 28. h3 Rc7 29. g4 Rd7 30. Rxd7 Bxd7 31. Re1 Bxb5
32. Bg5+ Kd6 33. Bxe7+ Kc6 34. Re5 Bxa6 35. Bg5 f6 36. Re6+ Kd7 37. Rxa6
fxg5 38. Kg2 Kc7 39. Kg3 Kb7 40. Re6 a5 41. Re7+ Kc6 42. Rxg7 a4 43. Re7 a3
44. Re1 a2 45. Ra1 Ra3+ 46. Kg2 Kb5 47. f4 gxf4 48. h4 Kb4 49. g5 Rg3+ 50.
Kf2 Kb3 51. Rd1 Kc2 52. Re1 Re3 53. Rh1 Kb2 54. h5 a1=Q 55. Rxa1 Kxa1 56.
g6 hxg6 57. h6 Rh3 { White resigns } 0-1

[Event "ICC tourney 2533 (25 5)"]
[Site "Internet Chess Club"]
[Date "2021.04.24"]
[Round "1"]
[White "ALEXANDER NIEUWERBURGH, PAUL:K09-15847117"]
[Black "THOMAS HOMAN DORFMAN, JOSH:K09-16684523"]
[Result "1-0"]
[ICCResult "Black checkmated"]
[WhiteElo "1496"]
[BlackElo "533"]
[Opening "Sicilian: Alapin's variation (2.c3)"]
[ECO "B22"]
[NIC "SI.46"]
[Time "11:03:44"]
[PlyCount "91"]
[TimeControl "1500+5"]

1. e4 c5 2. c3 Nc6 3. d4 e6 4. Nf3 Nf6 5. Bd3 Qb6 6. Bc2 Be7 7. O-O d5 8.
e5 Nd7 9. Re1 Nf8 10. b3 Ng6 11. Be3 f6 12. dxc5 Bxc5 13. Bxc5 Qxc5 14.
exf6 gxf6 15. b4 Qb6 16. Qxd5 Nf4 17. Qd6 Nh3+ 18. gxh3 Rg8+ 19. Kf1 Qb5+
20. Bd3 Qh5 21. Ng1 Qg5 22. Qg3 Ne5 23. Qxg5 Rxg5 24. Bxh7 b6 25. Be4 Ba6+
26. Ne2 Rd8 27. f4 Rg7 28. fxe5 fxe5 29. Na3 Ke7 30. Kf2 Rf7+ 31. Ke3 Rh7
32. Bxh7 Rh8 33. b5 Bb7 34. Be4 Rxh3+ 35. Ng3 Rxh2 36. Bxb7 Rh3 37. Rg1 Kf6
38. Raf1+ Kg5 39. Kd2 Rh2+ 40. Rg2 Rxg2+ 41. Bxg2 Kg4 42. Rf3 e4 43. Nxe4
e5 44. Nc4 Kh4 45. Nxe5 Kh5 46. Rh3# { Black checkmated } 1-0

[Event "ICC tourney 2533 (25 5)"]
[Site "Internet Chess Club"]
[Date "2021.04.24"]
[Round "1"]
[White "SHAH, ARSH:K09-17096480"]
[Black "SHARMA, JEENAL:K09-16875641"]
[Result "0-1"]
[ICCResult "White resigns"]
[WhiteElo "1687"]
[BlackElo "686"]
[Opening "Giuoco Pianissimo: Italian four knights variation"]
[ECO "C55"]
[NIC "IG.01"]
[Time "11:03:09"]
[PlyCount "72"]
[TimeControl "1500+5"]

1. e4 e5 2. Nf3 Nc6 3. Bc4 Nf6 4. d3 Bc5 5. Nc3 O-O 6. Bg5 h6 7. Bh4 Be7 8.
Bg3 d6 9. O-O Bg4 10. Qd2 Bxf3 11. gxf3 Nd4 12. Qd1 Qd7 13. Kg2 Nh5 14. Ne2
Nxe2 15. Qxe2 Nf4+ 16. Bxf4 exf4 17. Rg1 Bf6 18. c3 Rfe8 19. d4 d5 20. Bxd5
Qxd5 21. e5 Bg5 22. Kf1 f6 23. Rd1 fxe5 24. dxe5 Qxe5 25. Qc4+ Kh8 26. Kg2
Rad8 27. Rge1 Qf6 28. Rxe8+ Rxe8 29. Qxc7 Bh4 30. Kf1 Qf5 31. Qd7 Qe5 32.
Qd2 Qc5 33. Qd4 Qb5+ 34. Kg2 Qxb2 35. Rd2 Qb5 36. Qxf4 Bg5 { White resigns
} 0-1

[Event "ICC tourney 2533 (25 5)"]
[Site "Internet Chess Club"]
[Date "2021.04.24"]
[Round "1"]
[White "CHEN, ANGELIQUE LEE:K09-30021275"]
[Black "XAVIER VIJAYRAM, AVNITH:K09-15728701"]
[Result "0-1"]
[ICCResult "White checkmated"]
[WhiteElo "743"]
[BlackElo "1767"]
[Opening "Pirc: Holmov system"]
[ECO "B07"]
[NIC "PU.07"]
[Time "11:01:21"]
[PlyCount "114"]
[TimeControl "1500+5"]

1. e4 d6 2. d4 Nf6 3. Nc3 g6 4. Bc4 Bg7 5. Nf3 e6 6. Bg5 h6 7. Bf4 Nfd7 8.
e5 d5 9. Bb3 O-O 10. O-O c5 11. dxc5 Nxc5 12. Nb5 Ne4 13. Nd6 g5 14. Bg3
Nxg3 15. hxg3 Nc6 16. Nb5 Nxe5 17. Nxe5 Bxe5 18. Re1 Bxb2 19. Rb1 Bg7 20.
c3 Bd7 21. Nd4 Rc8 22. Qd3 Re8 23. Bc2 Kf8 24. Re3 b6 25. Ne2 Rxc3 26. Nxc3
d4 27. Re2 dxc3 28. Rd1 Re7 29. Ba4 Ke8 30. Qh7 Kf8 31. Qd3 Ke8 32. Rc2 Qc7
33. Bb3 f5 34. Bc4 Ba4 35. Bb5+ Bxb5 36. Qxb5+ Rd7 37. Re1 Kf7 38. Qe2 Rd6
39. Qh5+ Kf8 40. Qe2 Qd7 41. Rcc1 Rd2 42. Qc4 Bd4 43. Rf1 b5 44. Qb4+ Kf7
45. Rcd1 Bxf2+ 46. Rxf2 Rxd1+ 47. Kh2 Qd4 48. Qxd4 Rxd4 49. Rc2 b4 50. Kg1
Rd2 51. Rc1 Rxa2 52. Kf1 b3 53. Ke1 b2 54. Rb1 c2 55. Rxb2 c1=Q+ 56. Kf2
Rxb2+ 57. Kf3 g4# { White checkmated } 0-1

[Event "ICC tourney 2533 (25 5)"]
[Site "Internet Chess Club"]
[Date "2021.04.24"]
[Round "1"]
[White "VIJAY HIMAGHNA SISTA, SAI:K09-17280467"]
[Black "BALAJI IYER, SHRINIVAS:K09-16691948"]
[Result "1-0"]
[ICCResult "Black resigns"]
[WhiteElo "435"]
[BlackElo "1443"]
[Opening "Giuoco Piano: Möller (Therkatz) attack"]
[ECO "C54"]
[NIC "IG.02"]
[Time "11:03:15"]
[PlyCount "91"]
[TimeControl "1500+5"]

1. e4 e5 2. Nf3 Nc6 3. Bc4 Bc5 4. c3 Nf6 5. d4 exd4 6. cxd4 Bb4+ 7. Nc3
Nxe4 8. O-O Bxc3 9. d5 Bf6 10. Re1 O-O 11. Rxe4 Ne7 12. Bg5 Bxg5 13. Nxg5
d6 14. Qh5 Bf5 15. Rh4 Bg6 16. Qg4 Qc8 17. Qxc8 Raxc8 18. Re1 Rfe8 19. g4
f6 20. Ne6 Bf7 21. Bd3 Ng6 22. Bxg6 Bxg6 23. f4 Bf7 24. f5 c6 25. Rh3 cxd5
26. Rd3 Bxe6 27. fxe6 Rc5 28. a3 h6 29. b4 Rc4 30. h3 Re4 31. Red1 R4xe6
32. Rxd5 Re1+ 33. Rxe1 Rxe1+ 34. Kf2 Re6 35. Kf3 Kf7 36. Kf4 Ke7 37. h4 Re5
38. Rd3 g5+ 39. Kg3 Kd7 40. h5 f5 41. gxf5 Rxf5 42. Rd4 b6 43. a4 Re5 44.
b5 d5 45. Kf3 Re4 46. Rxd5+ { Black resigns } 1-0

[Event "ICC tourney 2533 (25 5)"]
[Site "Internet Chess Club"]
[Date "2021.04.24"]
[Round "1"]
[White "BERGSTEDT, SAWYER:K09-16355805"]
[Black "KONSTANTAKOS, CHRISTOS:K09-17130487"]
[Result "0-1"]
[ICCResult "White forfeits on time"]
[WhiteElo "440"]
[BlackElo "1447"]
[Opening "Giuoco Piano: four knights variation"]
[ECO "C55"]
[NIC "IG.01"]
[Time "11:02:11"]
[PlyCount "42"]
[TimeControl "1500+5"]

1. e4 e5 2. Nf3 Nc6 3. Bc4 Nf6 4. Nc3 Bc5 5. h3 d6 6. a3 O-O 7. O-O Bb6 8.
d3 h6 9. Nd5 Nxd5 10. exd5 Na5 11. b4 Nxc4 12. dxc4 a5 13. c5 Ba7 14. c3
dxc5 15. bxc5 Bxc5 16. Nxe5 Bd6 17. Ng4 b5 18. Qd2 Qh4 19. f3 Bc5+ 20. Nf2
Ba6 21. Kh1 b4 { White forfeits on time } 0-1

[Event "ICC tourney 2533 (25 5)"]
[Site "Internet Chess Club"]
[Date "2021.04.24"]
[Round "1"]
[White "LIU, EDISON:K09-15299806"]
[Black "HANKE, HARVEY:K09-17137475"]
[Result "0-1"]
[ICCResult "White checkmated"]
[WhiteElo "1794"]
[BlackElo "752"]
[Opening "Giuoco Piano"]
[ECO "C44"]
[NIC "SO.06"]
[Time "11:02:41"]
[PlyCount "142"]
[TimeControl "1500+5"]

1. e4 e5 2. Nf3 Nc6 3. d4 exd4 4. Bc4 Bc5 5. c3 Nf6 6. e5 d5 7. Bb5 Ne4 8.
Nxd4 Bxd4 9. cxd4 O-O 10. Bxc6 bxc6 11. O-O c5 12. f3 Ng5 13. dxc5 c6 14.
Bxg5 Qxg5 15. Re1 Re8 16. Qd2 Qe7 17. Qd4 Bf5 18. Nc3 Rab8 19. b4 a6 20. a3
Qc7 21. Na4 Re6 22. Nb6 Rbe8 23. f4 f6 24. Qc3 fxe5 25. fxe5 Be4 26. Re2
Rxe5 27. Rae1 Rg5 28. Qh3 Qe5 29. Qe3 Qf6 30. g3 Rf5 31. Rf2 Rxf2 32. Qxf2
Qc3 33. Rf1 Bg6 34. Qf3 Qb2 35. Nd7 h6 36. Rf2 Qa1+ 37. Rf1 Qd4+ 38. Qf2
Qg4 39. Qf4 Qxd7 40. g4 Qe7 41. h3 Qe3+ 42. Kh2 Qxf4+ 43. Rxf4 Re3 44. a4
Re4 45. Rxe4 Bxe4 46. Kg3 Bc2 47. a5 Ba4 48. Kf4 Kf7 49. Ke5 Bb5 50. h4 g6
51. g5 h5 52. Kd6 Ke8 53. Ke6 Bd3 54. Kd6 Bb5 55. Ke5 Kf7 56. Kd6 d4 57.
Kc7 d3 58. Kb6 d2 59. Kb7 d1=Q 60. Kb6 Qd4 61. Kc7 Qxb4 62. Kb6 Ke7 63. Ka7
Qxa5 64. Ka8 Kd7 65. Kb7 Ba4 66. Ka7 Qxc5+ 67. Ka8 Qg1 68. Kb8 c5 69. Ka8
c4 70. Kb7 Bc6+ 71. Kb8 Qb6# { White checkmated } 0-1